 Dungeon Crawl Stone Soup version 0.27-a0-972-gd1521fd518 (webtiles) character file.

Game seed: 1330638463782333103

0 polve the Skirmisher (level 1, -21/18 HPs)
             Began as a Demonspawn Abyssal Knight on Apr 13, 2021.
             Was a Follower of Lugonu.
             Demolished by a tentacled starspawn (29 damage)
             ... on level 1 of the Abyss.
             The game lasted 00:00:13 (133 turns).

polve the Skirmisher (Demonspawn Abyssal Knight)     Turns: 133, Time: 00:00:14

Health: -21/18     AC:  3    Str: 12    XL:     1   Next: 0%
Magic:  2/2        EV:  8    Int: 13    God:    Lugonu [*.....]
Gold:   45         SH:  0    Dex: 12    Spells: 0/0 levels left

rFire    . . .     SeeInvis .   a - +1 short sword
rCold    . . .     Faith    .   (no shield)
rNeg     . . .     Spirit   .   b - +0 leather armour
rPois    .         Reflect  .   (no helmet)
rElec    .         Harm     .   (no cloak)
rCorr    .         Rampage  .   (no gloves)
Will     .....                  (no boots)
Stlth    +.........             (no amulet)
HPRegen  0.06/turn              (no ring)
MPRegen  0.08/turn              (no ring)

@: constricted
A: no striking features
a: Renounce Religion, Depart the Abyss


You were on level 1 of the Abyss.
You worshipped Lugonu.
Lugonu was aware of your devotion.
You visited 0 branches of the dungeon, and saw 0 of its levels.
You visited the Abyss 1 time.

You collected 45 gold pieces.

Inventory:

Hand Weapons
 a - a +1 short sword (weapon)
Armour
 b - a +0 leather armour (worn)


   Skills:
 - Level 3.0 Fighting
 + Level 1.7 Short Blades
 - Level 1.7 Armour
 - Level 0.8 Dodging
 - Level 2.4 Invocations


You couldn't memorise any spells.
You didn't know any spells.
Your spell library was empty.

Dungeon Overview and Level Annotations

Branches:
Dungeon (0/15)

Altars:


Message History

Welcome, polve the Demonspawn Abyssal Knight.
The bosom of this dungeon contains the transcendent artefact, the Orb of Zot.
Lugonu says: Depart the Abyss and spread corruption, my servant! (use the ability menu to exit the Abyss) Press ? for a list of commands and other information.
Found a corrupted altar of Lugonu.
Found a gateway leading out of the Abyss.
You now have 7 gold pieces.
Found a whip.
You now have 25 gold pieces (gained 18).
You now have 32 gold pieces (gained 7).
Found a short sword.
Key pressed, stopping explore.
A chaos spawn comes into view.
A chaos spawn is nearby!
A chaos spawn is nearby!
The chaos spawn buzzes angrily.
Found 13 gold pieces.
A tentacled starspawn comes into view.
Found a shadowy altar of Dithmenos.
A small abomination and 2 starspawn tentacles come into view.
The starspawn tentacle grabs you. The starspawn tentacle constricts you.
You hit the starspawn tentacle but do no damage.
The starspawn tentacle loses its grip on you.
The tentacle pulls you backwards! The starspawn tentacle grabs you.
The starspawn tentacle constricts you.
A starspawn tentacle segment comes into view.
You escape the starspawn tentacle's grasp.
Found 14 gold pieces.
A starspawn tentacle segment comes into view.
You see here 13 gold pieces.
You now have 45 gold pieces (gained 13).
The small abomination hits you. The starspawn tentacle grabs you.
The starspawn tentacle constricts you. The tentacled starspawn bites you!!
Ouch! That really hurt!
You die...

.
.#.###.#..##.#
# .##.#..4..###
.#. # #....#
##.# # #..##
##.#.. # .# #.
.
##....#.#.##..#
#..#
###..##....# ..
##......###..#
#.##w..4##...#
..# #_.@X.#.#
##.......
#.#x..#...
...####
#.....###...
### #..#....
#.###
#.#.#....#.#
##.#.$..#.
.#ยง.#.. .
####..


You could see a tentacled starspawn, a chaos spawn, a small abomination and a
starspawn tentacle.

Vanquished Creatures (others)
  A starspawn tentacle (Abyss:1)
1 creature vanquished.

Notes
Turn   | Place    | Note
-------+----------+-------------------------------------------
     0 | Abyss:1  | polve the Demonspawn Abyssal Knight began the quest for the
                  | Orb.
     0 | Abyss:1  | Reached XP level 1. HP: 18/18 MP: 2/2
   107 | Abyss:1  | Noticed a chaos spawn
   110 | Abyss:1  | Noticed a wretched star
   127 | Abyss:1  | Found a shadowy altar of Dithmenos.
   127 | Abyss:1  | Noticed a tentacled starspawn
   128 | Abyss:1  | Noticed a small abomination
   133 | Abyss:1  | Demolished by a tentacled starspawn

Illustrated notes

Levels and vault maps discovered:
Abyss:1:  base: Temple, base:
Temple

Action                   || total
-------------------------++-------
Melee: Short sword       ||     1

Table legend: (Time is in decaauts)
 A = Elapsed time spent in this place.
 B = Non-inter-level travel time spent in this place.
 C = Inter-level travel time spent in this place.
 D = Time resting spent in this place.
 E = Time spent auto-exploring this place.
 F = Levels seen in this place.
 G = Mean time per level.
                   A        B        C        D        E       F      G
               +--------+--------+--------+--------+--------+-----+--------+
         Total |    133 |    133 |      0 |      0 |    107 |   1 |  133.0 |
         Abyss |    133 |    133 |      0 |      0 |    107 |   1 |  133.0 |
               +--------+--------+--------+--------+--------+-----+--------+

Top non-repeatable levels by time:
 Abyss:1: 133 daAuts
